 Dungeon Crawl Stone Soup version 0.28.0 (webtiles) character file.

Game seed: 17150493680685829903

494 raph the Digger (level 6, -7/34 HPs)
             Began as a Deep Elf Earth Elementalist on Feb 14, 2022.
             Mangled by Duvessa (14 damage)
             ... on level 4 of the Dungeon.
             The game lasted 00:07:33 (3783 turns).

raph the Digger (Deep Elf Earth Elementalist)       Turns: 3783, Time: 00:07:33

Health: -7/34      AC:  3    Str:  5    XL:     6   Next: 92%
Magic:  9/13       EV: 13    Int: 22    God:
Gold:   57         SH:  0    Dex: 15    Spells: 3/12 levels left

rFire   + . .      SeeInvis .   a - +10 short sword "Wobla" {venom, rF+ rC+ Stlth+}
rCold   + . .      Faith    .   (no shield)
rNeg    . . .      Spirit   .   b - +1 robe
rPois   .          Reflect  .   (no helmet)
rElec   .          Harm     .   (no cloak)
rCorr   .          Rampage  .   (no gloves)
Will    .....                   (no boots)
Stlth   +++.......              s - amulet of magic regeneration
HPRegen 0.11/turn               (no ring)
MPRegen 0.53/turn               (no ring)

@: brilliant, studying Axes
A: no striking features
a: no special abilities


You were on level 4 of the Dungeon.
You visited 1 branch of the dungeon, and saw 4 of its levels.

You collected 123 gold pieces.
You spent 66 gold pieces at shops.

Inventory:

Hand Weapons
 a - the +10 short sword "Wobla" (weapon) {venom, rF+ rC+ Stlth+}
   (You found it on level 2 of the Dungeon)

   It poisons the flesh of those it strikes.
   rF:        It protects you from fire.
   rC:        It protects you from cold.
   Stlth:     It makes you more stealthy.
 e - a +0 whip
 f - a +0 vorpal short sword
 g - a +1 short sword of draining
Missiles
 c - 70 stones
 h - 2 throwing nets
 u - 6 boomerangs
Armour
 b - a +1 robe (worn)
Jewellery
 l - a ring of flight
 m - a ring of ice
 n - a ring of willpower
 s - an amulet of magic regeneration (around neck)
 t - a +4 ring of protection
Wands
 o - a wand of flame (28)
Scrolls
 d - 3 scrolls of identify
Potions
 i - 2 potions of mutation
 j - a potion of brilliance
 k - 5 potions of curing
 p - a potion of berserk rage
 q - a potion of might
 r - a potion of lignification


   Skills:
 + Level 1.1 Fighting
 + Level 3.1 Dodging
 + Level 3.3 Stealth
 + Level 3.8 Spellcasting
 * Level 3.9 Conjurations
 + Level 2.1 Hexes
 - Level 1.1 Transmutations
 + Level 6.0 Earth Magic


You had 3 spell levels left.
You knew the following spells:

 Your Spells              Type           Power      Damage    Failure   Level
a - Sandblast             Erth           92%        2d19      1%          1
b - Passwall              Tmut/Erth      25%        N/A       4%          2
c - Stone Arrow           Conj/Erth      78%        3d11      4%          3
d - Dazzling Flash        Conj/Hex       52%        N/A       10%         3

Your spell library contained the following spells:

 Spells                   Type           Power      Damage    Failure   Level
 Shock                    Conj/Air       76%        1d7       4%          1
 Swiftness                Air            6%         N/A       34%         3
 Petrify                  Tmut/Erth      30%        N/A       26%         4
 Iskenderun's Mystic Bla  Conj/Tloc      19%        2d6       45%         4
 Airstrike                Air            3%         N/A       75%         4
 Starburst                Conj/Fire      9%         6d5       100%        6


Dungeon Overview and Level Annotations

Branches:
Dungeon (4/15)
 Temple: D:4-7

Altars:
Dithmenos

Shops:
D:2 *

Annotations:
D:2 Sigmund
D:4 Duvessa


Message History

Press: ? - help, Q - select action, (/) - cycle Shift-Dir - straight line, f/p - Dowan
Aim: Dowan, wielding a +0 dagger and wearing a +0 robe (heavily wounded, 76% to hit)
You feel a surge of power!
The blast of sand hits Dowan.
Dowan is severely wounded.
Dowan completely misses you.
Aiming: Sandblast (safe; 1% risk of failure)
Press: ? - help, Q - select action, (/) - cycle Shift-Dir - straight line, f/p - Dowan
Aim: Dowan, wielding a +0 dagger and wearing a +0 robe (severely wounded, 76% to hit)
You feel a surge of power!
The blast of sand misses Dowan.
Dowan closely misses you.
Aiming: Sandblast (safe; 1% risk of failure)
Press: ? - help, Q - select action, (/) - cycle Shift-Dir - straight line, f/p - Dowan
Aim: Dowan, wielding a +0 dagger and wearing a +0 robe (severely wounded, 76% to hit)
You feel a surge of power!
The blast of sand hits Dowan!!
You kill Dowan!
Duvessa screams in rage.
Duvessa goes berserk!
Duvessa rages.
Your Hexes skill increases to level 2!
Casting: Sandblast (safe; 1% risk of failure)
Confirm with . or Enter, or press ? or * to list all spells.
Casting: Dazzling Flash (quite dangerous; 10% risk of failure)
Press: ? - help, Dir - look around, f - activate You feel a surge of power!
Duvessa hits you with a +0 short sword!
Aiming: Sandblast (safe; 1% risk of failure)
Press: ? - help, Q - select action, (/) - cycle Shift-Dir - straight line, f - Duvessa
Aim: Duvessa, wielding a +0 short sword and wearing a +0 leather armour (berserk, 85% to hit)
You feel a surge of power!
The blast of sand hits Duvessa!!
Duvessa is heavily wounded.
Duvessa hits you with a +0 short sword!
* * * LOW HITPOINT WARNING * * *
Okay, then.
Okay, then.
Aiming: Sandblast (safe; 1% risk of failure)
Press: ? - help, Q - select action, (/) - cycle Shift-Dir - straight line, f/p - Duvessa
Aim: Duvessa, wielding a +0 short sword and wearing a +0 leather armour (heavily wounded, berserk, 85% to hit)
You feel a surge of power!
The blast of sand hits Duvessa!
Duvessa is severely wounded.
Duvessa hits you with a +0 short sword!
You die...

#.....##.#######
##........##.#.##
#.........##....#
##...#.....#.....#
#...##.....##....#
##.......#.......##
##......###..##....#
#.....#.# #..###..##
#.....### #... #@.#
.....## .......e..#
..#..# ..#.##...##
.###...#...#.......
## ##..#....[#..#..#
# #........#.. ..#
.. ............ ...
#. ........... ..#.
# # ........#


You could see Duvessa (berserk).

Vanquished Creatures
  An ogre (D:4)
  A phantom (D:4)
  A kobold brigand (D:3)
  A bullfrog (D:4)
  Dowan (D:4)
  A bullfrog skeleton (D:4)
  A centaur skeleton (D:4)
  A hound skeleton (D:4)
  3 adders
  An ufetubus (D:4)
  A dart slug (D:4)
  4 ball pythons
  2 endoplasms
  4 giant cockroaches
  6 goblins
  2 hobgoblins
  2 jackals (D:1)
  7 kobolds
  5 quokkas
  3 bats
  3 frilled lizards
  2 rats
53 creatures vanquished.

Notes
Turn   | Place    | Note
-------+----------+-------------------------------------------
     0 | D:1      | raph the Deep Elf Earth Elementalist began the quest for
                  | the Orb.
     0 | D:1      | Reached XP level 1. HP: 10/10 MP: 6/6
   315 | D:1      | Reached XP level 2. HP: 15/15 MP: 8/8
   323 | D:1      | Learned a level 2 spell: Passwall
   340 | D:1      | Reached skill level 4 in Earth Magic
   362 | D:1      | You fall into a shaft and drop 1 floor!
   371 | D:2      | Noticed Sigmund
   956 | D:2      | Found a shadowy altar of Dithmenos.
  1081 | D:2      | Found Xafacvu's General Store.
  1422 | D:2      | Identified the +10 short sword "Wobla" {venom, rF+ rC+
                  | Stlth+}
  1570 | D:3      | Reached XP level 3. HP: 19/19 MP: 6/9
  1574 | D:3      | Learned a level 3 spell: Stone Arrow
  2242 | D:3      | Found a faded altar of an unknown god.
  2287 | D:3      | Noticed a kobold brigand
  2291 | D:3      | Killed a kobold brigand
  2292 | D:3      | Reached skill level 5 in Earth Magic
  2292 | D:3      | Reached XP level 4. HP: 15/24 MP: 3/10
  2707 | D:4      | Reached XP level 5. HP: 28/28 MP: 3/11
  2871 | D:4      | Noticed an ogre
  2879 | D:4      | Learned a level 3 spell: Dazzling Flash
  2951 | D:4      | Noticed a phantom
  2957 | D:4      | Killed a phantom
  2958 | D:4      | Reached skill level 1 in Hexes
  2958 | D:4      | Reached XP level 6. HP: 16/33 MP: 7/13
  3336 | D:2      | Bought 2 potions of curing for 66 gold pieces
  3424 | D:4      | Reached skill level 1 in Fighting
  3424 | D:4      | Reached skill level 6 in Earth Magic
  3774 | D:4      | Noticed Dowan
  3775 | D:4      | Noticed Duvessa
  3780 | D:4      | Killed Dowan
  3783 | D:4      | Mangled by Duvessa

Illustrated notes

Levels and vault maps discovered:
D:1:      evilmike_arrival_crescent, layout_loops_ring
D:2:      layout_basic, basic_altar, serial_shops, shop, uniq_sigmund
D:3:      layout_loops_ring, basic_ecumenical_altar
D:4:      layout_cave_pools, st_stairs_12, uniq_duvessa

Skill      XL: |  1  2  3  4  5  6 |
---------------+-------------------+-----
Earth Magic    | 4 5 6 |  6.0
Conjurations   | 2 3 |  3.9
Hexes          | 1 2 |  2.1
Stealth        | 3 |  3.3
Fighting       | 1 |  1.1
Dodging        | 3 |  3.1
Spellcasting   | |  3.8
Transmutations | |  1.1

Action                   |  1- 3 |  4- 6 || total
-------------------------+-------+-------++-------
Melee: Short sword       |     3 |       ||     3
 Cast: Sandblast         |    33 |    33 ||    66
       Stone Arrow       |     6 |    10 ||    16
       Dazzling Flash    |       |     1 ||     1
  Use: Scroll            |     7 |     5 ||    12
       Potion            |       |     1 ||     1
Armor: Robe              |     1 |       ||     1
Dodge: Dodged            |    11 |    11 ||    22
